 Dungeon Sprint DCSS version 0.21-a0-94-gdd6ab6a (webtiles) character file.

123 Kidiri the Covert (level 4, -6/30 HPs)
             Began as a Spriggan Enchanter on July 2, 2017.
             Mangled by a neqoxec (7 damage)
             ... in the Dungeon (Sprint II: "The Violet Keep of Menkaure").
             The game lasted 00:00:37 (34 turns).

Kidiri the Covert (Spriggan Enchanter)                Turns: 34, Time: 00:00:39

Health: -6/30      AC:  2    Str:  9    XL:     4   Next: 79%
Magic:  6/12       EV: 22    Int: 16    God:
Gold:   0          SH:  0    Dex: 17    Spells: 13/14 levels left

rFire    . . .     SeeInvis +   a - +1 dagger
rCold    . . .     Gourm    .   (shield restricted)
rNeg     . . .     Faith    .   b - +0 robe
rPois    .         Spirit   .   (helmet restricted)
rElec    .         Reflect  .   (no cloak)
rCorr    .         Harm     .   (gloves unavailable)
MR       .....     NoTele   +   (boots unavailable)
Stlth    ..........             (no amulet)
HPRegen  0.10/turn              (no ring)
MPRegen  0.13/turn              (no ring)

@: berserking (expiring), very quick
A: unfitting armour, see invisible, herbivore 3, speed 3, frail 1, slow
metabolism 2
a: no special abilities


You were in the Dungeon.
You were not hungry.

You visited 1 branch

Inventory:

Hand Weapons
 a - a +1 dagger (weapon)
Armour
 b - a +0 robe (worn)
Scrolls
 j - a scroll of blinking
Potions
 e - a potion of curing
 f - a potion of heal wounds
 g - a potion of haste
 h - 2 potions of magic
Books
 c - a book of Maledictions

   Spells                             Type                      Level
   a - Corona                         Hexes                        1
   b - Ensorcelled Hibernation        Hexes/Ice                    2
   c - Confuse                        Hexes                        3
   d - Tukima's Dance                 Hexes                        3
   e - Dazzling Spray                 Conjuration/Hexes            3
Comestibles
 d - a bread ration


   Skills:
 + Level 2.2 Fighting
 + Level 3.2 Short Blades
 + Level 1.9 Armour
 * Level 6.7 Dodging
 * Level 8.1 Stealth
 * Level 5.6 Spellcasting
 + Level 5.0 Hexes


You had 13 spell levels left.
You knew the following spells:

 Your Spells              Type           Power        Failure   Level  Hunger
a - Corona                Hex            ###....      1%          1    None


Dungeon Overview and Level Annotations

Branches:
Dungeon (1/1)

Altars:


Innate Abilities, Weirdness & Mutations

You are very small and have problems with some larger weapons.
You are too small for most types of armour.
You have supernaturally acute eyesight. (SInv)
You are a herbivore.
You cover ground extremely quickly.
You need consume almost no food.
You are frail. (-10% HP)


Message History

You puncture the neqoxec!
The neqoxec is severely wounded.
The neqoxec gestures at you.
Something tries to feed on your intellect!
The neqoxec misses you.
Unknown command.
You barely miss the neqoxec.
The neqoxec is severely wounded.
The iron imp closely misses you. The neqoxec hits you.
* * * LOW HITPOINT WARNING * * *
The neqoxec hits you.
* * * LOW HITPOINT WARNING * * *
Unknown command.
You barely miss the neqoxec.
The neqoxec is severely wounded.
Unknown command.
You closely miss the neqoxec.
The neqoxec is severely wounded.
The neqoxec hits you!
You die...

## ## ##.
.## .w w. #
$#. ## ##.
#+# #.#
#...##.##33#
#.+.<.@3#
#.m.##.##5#
##. #+# #5#
#


H#H ## .# #. ## ## You could see 3 neqoxecs, an iron imp and a quasit.

Vanquished Creatures
  A neqoxec (D)
1 creature vanquished.

Notes
Turn   | Place    | Note
-------+----------+-------------------------------------------
     0 | D        | Kidiri the Spriggan Enchanter began the quest for the Orb.
     0 | D        | Reached XP level 1. HP: 9/9 MP: 5/5
     1 | D        | Noticed a tyrant leech
     1 | D        | Noticed a tyrant leech
     5 | D        | Noticed a merfolk siren
     9 | D        | Noticed a hippogriff
     9 | D        | Noticed a hippogriff
    13 | D        | Noticed a neqoxec
    13 | D        | Noticed a neqoxec
    13 | D        | Noticed a neqoxec
    13 | D        | Noticed a neqoxec
    14 | D        | Noticed an iron imp
    14 | D        | Noticed a quasit
    14 | D        | Noticed a quasit
    20 | D        | Gained mutation: You are frail. (-10% HP) [a neqoxec]
    26 | D        | Noticed a quasit
    26 | D        | Noticed a quasit
    26 | D        | Noticed a quasit
    26 | D        | Killed a neqoxec
    26 | D        | Reached skill level 1 in Armour
    26 | D        | Reached skill level 8 in Stealth
    26 | D        | Reached skill level 5 in Spellcasting
    26 | D        | Reached skill level 5 in Hexes
    26 | D        | Reached XP level 2. HP: 10/13 MP: 5/9
    26 | D        | Reached XP level 3. HP: 13/16 MP: 6/11
    26 | D        | Reached XP level 4. HP: 16/20 MP: 6/12
    32 | D        | HP: 1/30 [neqoxec (1)]
    34 | D        | Mangled by a neqoxec

Vault maps used:
D:        the_violet_keep_of_menkaure

Skill      XL: |  1 |
---------------+----+-----
Fighting       | 2 |  2.2
Short Blades   | 3 |  3.2
Armour         | 1 |  1.9
Dodging        | 6 |  6.7
Stealth        | 8 |  8.1
Spellcasting   | 5 |  5.6
Hexes          | 5 |  5.0

Action                   |  1- 3 |  4- 6 || total
-------------------------+-------+-------++-------
Melee: Dagger            |    12 |     7 ||    19
  Use: Potion            |     1 |       ||     1
Dodge: Dodged            |     2 |     5 ||     7
